 Dungeon Crawl Stone Soup version 0.26.1-2-gb8aa6d0cf2 (webtiles) character file.

Game seed: 13407102186080389729

6453 Electrofox the Frost Mage (level 10, -11/70 HPs)
             Began as a Grey Draconian Ice Elementalist on Mar 21, 2021.
             Was a Priest of Sif Muna.
             Mangled by Snorg (22 damage)
             ... on level 10 of the Dungeon.
             The game lasted 01:36:20 (16078 turns).

Electrofox the Frost Mage (DrIE)                   Turns: 16078, Time: 01:36:21

Health: -11/70     AC: 13    Str: 10    XL:     10   Next: 67%
Magic:  31/31      EV: 12    Int: 25    God:    Sif Muna [***...]
Gold:   494        SH:  5    Dex: 12    Spells: 3/25 levels left

rFire    . . .     SeeInvis .   b - +0 hunting sling (vorpal)
rCold    . . .     Faith    .   (no shield)
rNeg     . . .     Spirit   .   (armour unavailable)
rPois    .         Reflect  +   (helmet restricted)
rElec    .         Harm     .   (no cloak)
rCorr    .         Rampage  .   c - +0 pair of gloves
Will     .....                  (no boots)
Stlth    ++........             r - amulet of reflection
HPRegen  0.21/turn              q - +6 ring of intelligence
MPRegen  0.22/turn              g - ring of magical power

@: lethally poisoned (-11 -> -12)
A: walk through water, unfitting armour, unbreathing, cold-blooded, AC +12
a: Renounce Religion, Channel Magic, Forget Spell


You were on level 10 of the Dungeon.
You worshipped Sif Muna.
Sif Muna was most pleased with you.
You visited 2 branches of the dungeon, and saw 11 of its levels.

You collected 494 gold pieces.

Inventory:

Hand Weapons
 a - a +2 flail of protection
 b - a +0 vorpal hunting sling (weapon)
 D - the +4 glaive of Vishur {vorpal, rElec rF+ rC+ Dex+3, unknown}
   (You found it on level 8 of the Dungeon)

   It inflicts extra damage upon your enemies.
   It affects your dexterity (+3).
   It protects you from fire.
   It protects you from cold.
   It insulates you from electricity.
Missiles
 l - 65 poisoned darts
 G - 96 sling bullets (quivered ammo)
Armour
 c - a +0 pair of gloves (worn)
Jewellery
 d - an uncursed ring of positive energy
 g - a ring of magical power (right hand)
 q - a +6 ring of intelligence (left hand)
 r - an amulet of reflection (around neck)
Wands
 i - a wand of enslavement (7)
 p - a wand of digging (4)
 s - a wand of iceblast (7)
 C - a wand of flame (1)
Scrolls
 j - a scroll of teleportation
 k - a scroll of remove curse
 v - a scroll of enchant weapon {unknown}
 x - a scroll of fear {unknown}
 A - a scroll of amnesia {unknown}
 F - 2 scrolls of fog
Potions
 e - 4 potions of curing
 f - 2 potions of lignification
 h - a potion of might {unknown}
 m - a potion of magic {unknown}
 o - 2 potions of heal wounds
 t - 2 potions of degeneration {unknown}
 u - 2 potions of ambrosia {unknown}
 z - a potion of haste
 E - a potion of berserk rage {unknown}


   Skills:
 + Level 0.3 Fighting
 * Level 8.6 Maces & Flails
 + Level 1.9 Dodging
 - Level 1.7 Stealth
 - Level 8.0 Spellcasting
 - Level 4.0 Conjurations
 - Level 4.0 Hexes
 - Level 10.0 Ice Magic


You had 3 spell levels left.
You knew the following spells:

 Your Spells              Type           Power        Failure   Level
a - Freeze                Ice            100%         1%          1
b - Frozen Ramparts       Ice            100%         1%          3
c - Ozocubu's Armour      Ice            56%          1%          3
d - Hailstorm             Conj/Ice       45%          3%          4
e - Corona                Hex            33%          1%          1
f - Confusing Touch       Hex            30%          3%          3
g - Tukima's Dance        Hex            30%          3%          3
h - Summon Ice Beast      Ice/Summ       35%          8%          4

Your spell library contained the following spells:

 Spells                   Type           Power        Failure   Level
 Ensorcelled Hibernation  Hex/Ice        90%          1%          2
 Dazzling Flash           Conj/Hex       60%          3%          3


Dungeon Overview and Level Annotations

Branches:
Dungeon (10/15)            Temple (1/1) D:4            Lair (0/6) D:8
    Orc: D:9-12

Altars:
Ashenzari
Cheibriados
Dithmenos
Elyvilon
Fedhas
Gozag
Hepliaklqana
Kikubaaqudgha
Makhleb
Nemelex Xobeh
Okawaru
Qazlal
Ru
Sif Muna
Trog
Uskayaw
Vehumet
Wu Jian
Xom
Yredelemnul
Zin
The Shining One

Shops:
D:4 }

Annotations:
D:4 3 runed translucent doors, exclusion: 3 doors, waddelsworth's ghost, amateur DEFE
D:5 2 runed translucent doors, exclusion: 2 doors, H0rd4k's ghost, novice HuAr
D:8 2 transporters, exclusion: downstairs
D:10 Snorg


Innate Abilities, Weirdness & Mutations

You can walk through water.
Your dull iron-grey scales are very hard. (AC +12)
You cannot fit into any form of body armour.
You can survive without breathing.
You are cold-blooded and may be slowed by cold attacks.


Message History

Snorg shouts!
Snorg moves out of view.
Found 16 gold pieces.
G - 96 sling bullets (gained 1)
You feel sick.
You start resting.
You feel sick.
Snorg is nearby!
You feel sick. Snorg bites you but does no damage. Snorg claws you!
Snorg claws you but does no damage.
Snorg goes berserk!
You feel sick.
A howler monkey comes into view.
The howler monkey howls!
Snorg rages.
You feel sick. You block Snorg's attack. Snorg misses you. Snorg claws you!
Snorg rages.
Snorg bites you!!
* * * LOW HITPOINT WARNING * * *
Snorg claws you!!
You die...

.....# #....# +....#
#....# #....# #....#
#....# +..@<# .
#####..T.# ..
#..#.....# ..$
#..#.....# ..#
....##..#.....# ..#
........#.....# ..+
........#...h.+ ..#
..............#####..#
..#.#.#.#.........#..#


You could see Snorg (berserk) and a howler monkey.

Vanquished Creatures
  2 two-headed ogres (D:9)
  Erica (D:8)
  Joseph (D:8)
  A troll (D:9)
  Prince Ribbit (D:8)
  3 water moccasins
  2 orc warriors
  A sky beast (D:6)
  An ice beast (D:6)
  2 phantoms
  A black bear (D:6)
  A hornet zombie (D:9)
  An ogre (D:4)
  3 centaurs
  2 big kobolds
  7 bullfrogs
  A gnoll sergeant (D:7)
  2 scorpions
  6 killer bees (D:7)
  5 wights (D:6)
  A howler monkey (D:4)
  2 bullfrog zombies (D:6)
  2 centaur zombies
  3 jellies
  3 quasits
  7 hounds
  3 orc wizards (D:8)
  3 iguanas
  7 worker ants
  A killer bee zombie (D:9)
  A hound skeleton (D:5)
  A worker ant zombie (D:5)
  19 gnolls
  11 adders
  A shadow imp (D:5)
  2 white imps
  An ufetubus (D:7)
  An ooze (D:4)
  3 adder skeletons
  2 worms
  3 dart slugs
  7 leopard geckos
  15 orcs
  5 giant cockroaches
  9 hobgoblins
  4 jackals (D:5)
  13 kobolds
  7 quokkas
  2 ball pythons
  5 bats
  8 frilled lizards
  9 goblins
  2 jackal skeletons
  A leopard gecko zombie (D:6)
  9 rats
217 creatures vanquished.

Notes
Turn   | Place    | Note
-------+----------+-------------------------------------------
     0 | D:1      | Electrofox the Draconian Ice Elementalist began the quest
                  | for the Orb.
     0 | D:1      | Reached XP level 1. HP: 14/14 MP: 3/3
   263 | D:1      | Reached XP level 2. HP: 20/20 MP: 3/5
  1103 | D:1      | Reached XP level 3. HP: 26/26 MP: 2/7
  1155 | D:1      | Learned a level 3 spell: Frozen Ramparts
  1159 | D:1      | Learned a level 3 spell: Ozocubu's Armour
  2309 | D:2      | Reached skill level 5 in Ice Magic
  2454 | D:2      | Reached XP level 4. HP: 29/33 MP: 3/8
  3045 | D:3      | Noticed a phantom
  3424 | D:3      | Found a glowing golden altar of the Shining One.
  4070 | D:4      | Found a staircase to the Ecumenical Temple.
  4080 | Temple   | Entered the Ecumenical Temple
  4309 | Temple   | Became a worshipper of Sif Muna the Loreminder
  4342 | D:4      | Reached XP level 5. HP: 33/38 MP: 10/10
  4383 | D:4      | Reached skill level 6 in Ice Magic
  4453 | D:4      | Found a runed translucent gate.
  4453 | D:4      | Found a runed translucent gate.
  4453 | D:4      | Found a runed translucent gate.
  4453 | D:4      | Noticed waddelsworth's ghost (amateur DEFE)
  4489 | D:4      | Noticed a water moccasin
  4725 | D:4      | Reached XP level 6. HP: 45/45 MP: 11/11
  4892 | D:4      | Learned a level 1 spell: Corona
  5071 | D:4      | Found Doexeank's Gadget Emporium.
  5364 | D:4      | Learned a level 4 spell: Hailstorm
  5810 | D:5      | Entered Level 5 of the Dungeon
  6242 | D:5      | Reached skill level 1 in Conjurations
  6242 | D:5      | Reached skill level 7 in Ice Magic
  6565 | D:5      | Your scales start taking on a dull iron-grey colour.
  6565 | D:5      | Reached XP level 7. HP: 50/50 MP: 13/13
  6565 | D:5      | Gained mutation: You can survive without breathing. [Grey
                  | Draconian growth]
  7279 | D:5      | Reached * piety under Sif Muna
  7677 | D:5      | Found a large runed translucent door.
  7677 | D:5      | Found a large runed translucent door.
  7681 | D:5      | Noticed H0rd4k's ghost (novice HuAr)
  8287 | D:6      | Reached skill level 5 in Spellcasting
  8287 | D:6      | Reached skill level 8 in Ice Magic
  8292 | D:6      | Reached XP level 8. HP: 27/57 MP: 15/15
  9198 | D:6      | Reached skill level 1 in Hexes
  9210 | D:6      | Learned a level 3 spell: Confusing Touch
  9674 | D:6      | Reached ** piety under Sif Muna
  9914 | D:6      | Found a sacrificial altar of Ru.
  9917 | D:6      | Found an iron altar of Okawaru.
  9917 | D:6      | Found a shimmering altar of Xom.
  9919 | D:6      | Found an iron altar of Okawaru.
  9919 | D:6      | Found a stormy altar of Qazlal.
  9919 | D:6      | Found a hide-covered altar of Uskayaw.
 10454 | D:7      | Reached XP level 9. HP: 62/62 MP: 19/19
 11162 | D:7      | Found an iron altar of Okawaru.
 11169 | D:7      | Reached *** piety under Sif Muna
 11273 | D:7      | Learned a level 3 spell: Tukima's Dance
 11417 | D:4      | Reached skill level 1 in Maces & Flails
 11591 | D:6      | Found a hazy altar of Hepliaklqana.
 11591 | D:6      | Found a sparkling altar of Nemelex Xobeh.
 11591 | D:6      | Found a glowing silver altar of Zin.
 11591 | D:6      | Found an ornate altar of the Wu Jian Council.
 11599 | D:6      | Found a bloodstained altar of Trog.
 11599 | D:6      | Found a blossoming altar of Fedhas.
 11725 | D:8      | Noticed Joseph
 12360 | D:8      | Killed Joseph
 12498 | D:8      | Got a shimmering glaive
 13265 | D:8      | Found a transporter.
 13265 | D:8      | Found a transporter.
 13265 | D:8      | Noticed a boulder beetle
 13309 | D:8      | Noticed Erica
 13392 | D:8      | Reached skill level 5 in Maces & Flails
 13576 | D:8      | Found a staircase to the Lair.
 13751 | D:8      | Noticed Prince Ribbit
 13790 | D:8      | Killed Prince Ribbit
 13919 | D:8      | Killed Erica
 13920 | D:8      | Reached skill level 9 in Ice Magic
 13920 | D:8      | Reached XP level 10. HP: 69/69 MP: 22/22
 14213 | D:9      | Noticed a two-headed ogre
 14352 | D:9      | Killed a two-headed ogre
 14940 | D:9      | Found an ancient bone altar of Kikubaaqudgha.
 14990 | D:9      | Found a burning altar of Makhleb.
 15294 | D:9      | Found a basalt altar of Yredelemnul.
 15310 | D:9      | Noticed a two-headed ogre
 15318 | D:9      | Killed a two-headed ogre
 15816 | D:9      | Found a glowing golden altar of the Shining One.
 15835 | D:9      | Found a stormy altar of Qazlal.
 15932 | D:9      | Reached skill level 10 in Ice Magic
 15937 | D:9      | Learned a level 4 spell: Summon Ice Beast
 16040 | D:10     | Entered Level 10 of the Dungeon
 16065 | D:10     | Noticed Snorg
 16078 | D:10     | Mangled by Snorg

Illustrated notes

Levels and vault maps discovered:
D:1:      lemuel_arrival_river_ford, layout_basic, dk_noncrumbling_4,
          minmay_misc_feat_ornament, minmay_lizard_pond
D:2:      layout_loops_cross, solitary_fountain
D:3:      layout_basic, lemuel_round_altar, minivault_19
D:4:      layout_loops_corners, minmay_temple_entry_waves,
          gammafunk_ghost_necromancy, serial_shops, shop, kennysheep_path_1
D:5:      layout_basic, ebering_ghost_disaster_area, minivault_5
D:6:      layout_loops_ring, doesnt_xom_only_xom, minmay_overflow_temple_hex,
          minivault_4, nrook_mini_backslash
D:7:      layout_loops_ring, okawaru_altar_gauntlet_db
D:8:      gammafunk_boulding_lane, layout_gridville, lair_entry_dummy,
          minivault_19, uniq_erica, uniq_prince_ribbit1, uniq_joseph
D:9:      layout_basic, overflow_temple_1_default, old_standard_altar,
          lemuel_coloured_pillars_altar, nzn_life_drinkers
D:10:     layout_gridville, serial_shops, nicolae_shop_trees,
          serial_park_tiny_2, minivault_20, onia_ninara_cookie, uniq_snorg
Temple:   minmay_temple_curvy_loop

Skill      XL: |  1  2  3  4  5  6  7  8  9 10 |
---------------+-------------------------------+-----
Spellcasting   | 3 4 5 7 8 |  8.0
Ice Magic      | 5 6 7 8 9 10 | 10.0
Conjurations   | 1 3 4 |  4.0
Hexes          | 3 4 |  4.0
Maces & Flails | 6 8 |  8.6
Fighting       | |  0.3
Dodging        | |  1.9
Stealth        | |  1.7

Action                   |  1- 3 |  4- 6 |  7- 9 | 10-12 || total
-------------------------+-------+-------+-------+-------++-------
Melee: Unarmed           |     3 |       |       |       ||     3
       Tailslap          |     1 |     8 |    23 |     8 ||    40
       Short sword       |    19 |    71 |    17 |       ||   107
       Club              |     5 |       |       |       ||     5
       Flail             |       |       |   238 |    70 ||   308
 Fire: Hunting sling     |       |       |     1 |    21 ||    22
Throw: Stone             |    34 |    41 |       |       ||    75
       Dart              |       |     5 |    61 |     1 ||    67
 Cast: Freeze            |    55 |    64 |    93 |    16 ||   228
       Frozen Ramparts   |       |     9 |    17 |     5 ||    31
       Ozocubu's Armour  |       |     5 |    18 |     8 ||    31
       Corona            |       |     4 |    14 |     1 ||    19
       Hailstorm         |       |       |     8 |     4 ||    12
       Tukima's Dance    |       |       |       |     2 ||     2
       Confusing Touch   |       |       |       |     1 ||     1
  Use: Scroll            |       |     4 |     1 |     5 ||    10
 Stab: Confused          |       |       |       |     1 ||     1
Armor: Skin              |    12 |    32 |   195 |    43 ||   282
Dodge: Dodged            |    40 |    77 |   253 |    52 ||   422
Block: Other             |       |       |    60 |    24 ||    84
       Reflection        |       |       |     5 |     3 ||     8
